 Dungeon Crawl Stone Soup version 0.20-a0-1122-gb7cbeb9 (webtiles) character file.

590 Naow the Shield-Bearer (level 7, -5/52 HPs)
             Began as a Formicid Fighter on May 15, 2017.
             Splashed by Pikel's acid (8 damage)
             ... on level 4 of the Dungeon.
             The game lasted 00:06:52 (4154 turns).

Naow the Shield-Bearer (Formicid Fighter)           Turns: 4154, Time: 00:06:53

Health: -5/52      AC:  8    Str: 23    XL:     7   Next: 66%
Magic:  7/7        EV:  9    Int:  7    God:
Gold:   103        SH: 10    Dex: 10    Spells: 6/6 levels left

rFire    . . .     SeeInvis +   a - +0 war axe
rCold    . . .     Gourm    .   c - +0 shield
rNeg     . . .     Faith    .   b - +0 scale mail
rPois    .         Spirit   .   (helmet unavailable)
rElec    .         Reflect  .   (no cloak)
rCorr    .         Harm     .   (no gloves)
MR       .....                  g - +0 pair of boots
Stlth    ..........             (no amulet)
Regen    0.2/turn               (no ring)
MPRegen  0.1/turn               (no ring)

@: no status effects
A: permanent stasis, dig shafts and tunnels, four strong arms, antennae 3
a: Dig, Shaft Self


You were on level 4 of the Dungeon.
You were not hungry.

You visited 1 branch of the dungeon, and saw 4 of its levels.

You collected 103 gold pieces.

Inventory:

Hand Weapons
 a - a +0 war axe (weapon)
Armour
 b - a +0 scale mail (worn)
 c - a +0 shield (worn)
 g - a +0 pair of boots (worn)
 t - a +0 chain mail
Wands
 s - a wand of flame (12/48)
Scrolls
 e - a scroll of recharging {unknown}
 i - a scroll of magic mapping {unknown}
 l - a scroll of random uselessness {unknown}
 o - a scroll of enchant weapon {unknown}
 p - a scroll of remove curse {unknown}
 q - a scroll of immolation {unknown}
 r - a scroll of blinking {unknown}
 v - a scroll of teleportation {unknown}
 w - a scroll of identify {unknown}
Potions
 d - a potion of curing
 j - a potion of heal wounds
 k - a potion of resistance {unknown}
 m - a potion of ambrosia {unknown}
 n - a potion of lignification {unknown}
Comestibles
 f - 3 bread rations
 h - 2 meat rations
 u - 6 chunks of flesh


   Skills:
 - Level 3.2 Fighting
 * Level 6.5 Axes
 - Level 3.2 Armour
 + Level 6.5 Shields


You had 6 spell levels left.
You didn't know any spells.

Dungeon Overview and Level Annotations

Branches:
Dungeon (4/15)
 Temple: D:4-7

Altars:
Elyvilon
Gozag
Makhleb
Nemelex Xobeh
Ru
Trog
Uskayaw

Annotations:
D:4 Pikel


Innate Abilities, Weirdness & Mutations

You cannot be hasted, slowed, berserked, paralysed or teleported.
You can dig through walls and to a lower floor.
Your four strong arms can wield two-handed weapons with a shield.
You have a pair of large antennae on your head. (SInv)


Message History

Pikel shouts!
Pikel is nearby! 2 slaves come into view.
The slave shouts! x2
Found 2 scrolls labeled ZAJYZ LINYNU.
A slave comes into view.
You closely miss Pikel.
The slave shouts!
You block Pikel's attack.
The slave moves out of view.
Pikel zaps a wand.
The bolt of acid hits you!
You are splashed with acid!
The acid burns!
It is a wand of acid (?/15).
A slave comes into view.
Pikel zaps a wand.
The bolt of acid hits you!
You are splashed with acid!
The acid burns!
* * * LOW HITPOINT WARNING * * *
It was a potion of heal wounds.
You feel much better.
Pikel zaps a wand.
The bolt of acid hits you!
* * * LOW HITPOINT WARNING * * *
You are splashed with acid!
The acid burns!
You die...

{ #p.## {
##..#######
#.#####...p.....#
#.......#p#####.#
#.#######p# #.# {
#K# #.# #.# #.#
#.# #.# #@# #.#
#.# #.# #.# ##.#
#.####..# #.
#...##.##
####...#.#.##.#
.........#.##.#
#.....###.##.#
###.....# #.##.#


You could see Pikel and 3 slaves.

Vanquished Creatures
  Sigmund (D:2)
  A water moccasin skeleton (D:4)
  A hound (D:4)
  An orc wizard (D:3)
  Jessica (D:2)
  Ijyb (D:3)
  7 gnolls
  8 adders
  An ooze (D:2)
  2 worms (D:2)
  3 dart slugs
  3 leopard geckos
  15 orcs
  9 bats
  6 giant cockroaches
  8 hobgoblins
  14 jackals
  A quokka (D:2)
  4 frilled lizards
  9 goblins
  8 kobolds
  6 rats
110 creatures vanquished.

Notes
Turn   | Place    | Note
-------+----------+-------------------------------------------
     0 | D:1      | Naow the Formicid Fighter began the quest for the Orb.
     0 | D:1      | Reached XP level 1. HP: 18/18 MP: 1/1
    28 | D:1      | Reached XP level 2. HP: 5/24 MP: 2/2
   363 | D:1      | Reached XP level 3. HP: 26/29 MP: 3/3
  1087 | D:2      | Noticed Jessica
  1091 | D:2      | Reached XP level 4. HP: 35/35 MP: 4/4
  1100 | D:2      | Killed Jessica
  1396 | D:2      | Noticed Sigmund
  1410 | D:2      | Killed Sigmund
  1410 | D:2      | Reached skill level 5 in Axes
  1410 | D:2      | Reached skill level 5 in Shields
  1410 | D:2      | Reached XP level 5. HP: 24/41 MP: 5/5
  1410 | D:2      | Reached XP level 6. HP: 28/47 MP: 6/6
  1628 | D:2      | Found a faded altar of an unknown god.
  1754 | D:2      | Found a bloodstained altar of Trog.
  2508 | D:3      | Noticed Ijyb
  2524 | D:3      | Killed Ijyb
  2524 | D:3      | Reached XP level 7. HP: 21/52 MP: 7/7
  2802 | D:3      | Found a hide-covered altar of Uskayaw.
  2802 | D:3      | Found an opulent altar of Gozag.
  2808 | D:3      | Found a burning altar of Makhleb.
  2809 | D:3      | Found a sacrificial altar of Ru.
  2811 | D:3      | Found a sparkling altar of Nemelex Xobeh.
  2811 | D:3      | Found a white marble altar of Elyvilon.
  4141 | D:4      | Noticed Pikel
  4154 | D:4      | Splashed by Pikel's acid

Vault maps used:
D:1:      evilmike_arrival_crescent, nrook_mini_vaults, minmay_misc_feat_roman,
          kennysheep_pointless_box
D:2:      chequers_ecumenical_altar_simple_redux, trog_three_pillars_becter,
          uniq_jessica, uniq_sigmund
D:3:      grunt_temple_overflow_open, first_bread, uniq_ijyb
D:4:      lemuel_crystal_altar, kennysheep_mini_moat, uniq_edmund, uniq_pikel

Skill      XL: |  1  2  3  4  5  6  7 |
---------------+----------------------+-----
Shields        | 4 5 6 |  6.5
Axes           | 3 5 6 |  6.5
Fighting       | |  3.2
Armour         | |  3.2

Action                   |  1- 3 |  4- 6 |  7- 9 || total
-------------------------+-------+-------+-------++-------
Melee: War axe           |    73 |   147 |   155 ||   375
  Use: Potion            |       |     1 |     1 ||     2
  Eat: Chunk             |     1 |     4 |     6 ||    11
Armor: Scale mail        |    42 |    62 |    56 ||   160
Dodge: Dodged            |    47 |    59 |    44 ||   150
Block: Shield            |    56 |    90 |    82 ||   228
